 Dungeon Crawl Stone Soup version 0.27-a0-705-ga0013940fb (webtiles) character file.

Game seed: 13712574206696085471

4 jasper the Sneak (level 1, -12/18 HPs)
             Began as a Demonspawn Delver on Mar 22, 2021.
             Killed by divine providence
             ... invoked by an orc priest
              (15 damage)
             ... on level 3 of the Dungeon.
             The game lasted 00:02:06 (668 turns).

jasper the Sneak (Demonspawn Delver)                 Turns: 668, Time: 00:02:07

Health: -12/18     AC:  3    Str: 12    XL:     1   Next: 58%
Magic:  1/1        EV: 11    Int: 11    God:
Gold:   40         SH:  0    Dex: 14    Spells: 0/0 levels left

rFire    . . .     SeeInvis .   a - +0 hand axe
rCold    . . .     Faith    .   (no shield)
rNeg     . . .     Spirit   .   b - +0 leather armour
rPois    .         Reflect  .   (no helmet)
rElec    .         Harm     .   (no cloak)
rCorr    .         Rampage  .   (no gloves)
Will     .....                  (no boots)
Stlth    ++........             (no amulet)
HPRegen  0.06/turn              (no ring)
MPRegen  0.07/turn              (no ring)

@: no status effects
A: no striking features
a: no special abilities


You were on level 3 of the Dungeon.
You visited 1 branch of the dungeon, and saw 4 of its levels.

You collected 40 gold pieces.

Inventory:

Hand Weapons
 a - a +0 hand axe (weapon)
Armour
 b - a +0 leather armour (worn)
Scrolls
 c - a scroll of fog
 d - a scroll of magic mapping
 e - a scroll of enchant weapon {unknown}


   Skills:
 - Level 3.0 Fighting
 + Level 2.2 Axes
 - Level 1.7 Dodging
 - Level 4.5 Stealth


You couldn't memorise any spells.
You didn't know any spells.
Your spell library was empty.

Dungeon Overview and Level Annotations

Branches:
Dungeon (6/15)             Temple (0/1) D:5

Altars:

Portals:
Sewer: D:5

Annotations:
D:5 exclusions: howler monkey, orc and worm, Blork the orc


Message History

Health restored: 18 A kobold comes into view.
It is wielding a +0 dagger.
An orc comes into view. It is wielding a +0 hand axe.
A kobold is nearby!
You hit the kobold.
The kobold is heavily wounded.
The kobold barely misses you.
You closely miss the kobold.
The kobold is heavily wounded.
The kobold barely misses you.
You hit the kobold but do no damage.
The kobold is moderately wounded.
The kobold hits you but does no damage. The kobold hits you with a +0 dagger.
You take 2 damage, and have 16/18 hp.
You hit the kobold.
The kobold is severely wounded.
The kobold barely misses you.
You hit the kobold.
You kill the kobold!
Things that are here:
a +0 dagger; a kobold corpse You start resting.
HP restored.
Health restored: 18 An orc priest comes into view.
It is wielding a +0 whip.
The orc priest invokes the aid of Beogh against you.
Beogh smites you!
Ouch! That really hurt!
* * * LOW HITPOINT WARNING * * *
You hear a shout!
You take 16 damage, and have 2/18 hp.
MASSIVE DAMAGE!!
The orc shouts!
An adder comes into view.
Found an escape hatch in the floor.
You aren't carrying any potions.
Unknown command.
The orc priest invokes the aid of Beogh against you.
Beogh smites you!
Ouch! That really hurt!
You die...

####### #.....#
#....S# #.....#
#.....# #.....# .#...
#.....# ..#... #.....#
....... #.@o..# #..o.#
###.....# ###....#
........#####''....+
#.........o.........#
#...................#
#...................+
################....##
#......... #.########


You could see an orc priest, an adder (asleep) and an orc.

Vanquished Creatures
  A giant cockroach (D:3)
  A goblin (D:3)
  A kobold (D:3)
  A ball python (D:3)
4 creatures vanquished.

Notes
Turn   | Place    | Note
-------+----------+-------------------------------------------
     0 | D:5      | jasper the Demonspawn Delver began the quest for the Orb.
     0 | D:5      | Reached XP level 1. HP: 18/18 MP: 1/1
    89 | D:5      | Noticed a howler monkey
   114 | D:5      | Noticed an orc wizard
   143 | D:5      | Noticed Blork the orc
   149 | D:5      | Found a staircase to the Ecumenical Temple.
   179 | D:5      | Noticed a worker ant
   180 | D:5      | Noticed a jelly
   189 | D:5      | Found a glowing drain.
   655 | D:3      | Noticed an orc priest
   668 | D:3      | Killed from afar by an orc priest

Illustrated notes

Levels and vault maps discovered:
D:3:      layout_basic, minmay_stone_trees_small
D:4:      cheibrodos_thug_alley, layout_loops_corners,
          lemuel_zombie_altar_yredelemnul
D:5:      layout_rooms, minmay_temple_entry_waves, portal_sewer_entry_b,
          uniq_blork_the_orc, uniq_eustachio
D:6:      layout_loops_ring, grunt_dithmenos_smoke_and_mirrors

Skill      XL: |  1 |
---------------+----+-----
Axes           | 2 |  2.2
Fighting       | |  3.0
Dodging        | |  1.7
Stealth        | |  4.5

Action                   || total
-------------------------++-------
Melee: Hand axe          ||    15
Evoke: Wand              ||     3
  Use: Scroll            ||     2
       Potion            ||     1
Armor: Leather armour    ||     6
Dodge: Dodged            ||    19

Table legend: (Time is in decaauts)
 A = Elapsed time spent in this place.
 B = Non-inter-level travel time spent in this place.
 C = Inter-level travel time spent in this place.
 D = Time resting spent in this place.
 E = Time spent auto-exploring this place.
 F = Levels seen in this place.
 G = Mean time per level.
                   A        B        C        D        E       F      G
               +--------+--------+--------+--------+--------+-----+--------+
         Total |    651 |    650 |      1 |    324 |    106 |   4 |  162.8 |
       Dungeon |    651 |    650 |      1 |    324 |    106 |   4 |  162.8 |
               +--------+--------+--------+--------+--------+-----+--------+

Top non-repeatable levels by time:
     D:3: 443 daAuts
     D:5: 201 daAuts
     D:4: 4 daAuts
     D:6: 1 daAuts
